 Dungeon Crawl Stone Soup version 0.28.0 (webtiles) character file.

Game seed: 6587567791840956182

67021 AmazingTV the Protected (level 14, -3/126 HPs)
             Began as a Minotaur Fighter on June 20, 2022.
             Was a Priest of Elyvilon.
             Constricted to death by Jorgrun (10 damage)
             ... on level 14 of the Dungeon.
             The game lasted 02:24:14 (23172 turns).

AmazingTV the Protected (Minotaur Fighter)         Turns: 23172, Time: 02:24:15

Health: -3/126     AC: 15    Str: 22    XL:     14   Next: 81%
Magic:  20/20      EV: 16    Int:  5    God:    Elyvilon [***...]
Gold:   1641       SH:  7    Dex: 17    Spells: 13/13 levels left

rFire   . . .      SeeInvis .   a - +4 hand axe (venom)
rCold   . . .      Faith    .   c - +0 buckler
rNeg    . . .      Spirit   .   j - +0 steam dragon scales
rPois   .          Reflect  .   (helmet restricted)
rElec   .          Harm     .   q - +0 cloak
rCorr   +          Rampage  .   U - +0 pair of gloves
Will    +....                   (no boots)
Stlth   ++........              F - amulet of regeneration
HPRegen 1.11/turn               x - ring of resist corrosion
MPRegen 0.17/turn               H - ring of Greed {AC+4 Dex+3}

@: grasped by roots, constricted
A: horns 2, retaliatory headbutt
a: Renounce Religion, Purification, Heal Other, Heal Self


You were on level 14 of the Dungeon.
You worshipped Elyvilon.
Elyvilon was most pleased with you.
You visited 4 branches of the dungeon, and saw 23 of its levels.

You collected 1776 gold pieces.
You spent 135 gold pieces at shops.

Inventory:

Hand Weapons
 a - a +4 hand axe of venom (weapon)
 b - a +1 vorpal arbalest
 e - a +3 halberd
 g - a +2 flail of protection
 n - a +4 flail
 O - a +1 flail of freezing
 R - a +2 war axe of freezing
Missiles
 m - 136 bolts
 w - 28 poisoned darts (quivered)
Armour
 c - a +0 buckler (worn)
 j - +0 steam dragon scales (worn)
 q - a +0 cloak (worn)
 U - a +0 pair of gloves (worn)
Jewellery
 x - a ring of resist corrosion (left hand)
 F - an amulet of regeneration (around neck)
 H - the ring of Greed (right hand) {AC+4 Dex+3}
   (You found it on level 6 of the Dungeon)

   [ring of protection]

   AC:        It affects your AC (+4).
   Dex:       It affects your dexterity (+3).
 L - a ring of willpower
 M - a ring of flight
 Q - the amulet of the Air {Inacc Air Fly rElec RMsl}
   (You found it on level 5 of the Lair of Beasts)

   [amulet of nothing]

   It reduces the accuracy of all your attacks.
   It enhances your air magic.
   rElec:     It insulates you from electricity.
   Fly:       It grants you flight.
   RMsl:      It protects you from missiles.
 W - a ring of protection from cold
Wands
 v - a wand of flame (8)
 S - a wand of acid (22)
 T - a wand of iceblast (16)
 Y - a wand of digging (13)
Scrolls
 h - 6 scrolls of identify
 i - a scroll of holy word
 l - a scroll of immolation {unknown}
 p - 13 scrolls of teleportation
 s - a scroll of silence {unknown}
 t - 2 scrolls of blinking
 u - 3 scrolls of fear
 y - 4 scrolls of enchant armour
 G - 8 scrolls of fog
 I - a scroll of torment {unknown}
 N - a scroll of acquirement {unknown}
 X - a scroll of amnesia
 Z - a scroll of brand weapon {unknown}
Potions
 d - a potion of might
 f - 4 potions of haste
 k - 5 potions of flight
 o - a potion of degeneration {unknown}
 r - 2 potions of invisibility {unknown}
 z - 3 potions of magic
 A - a potion of brilliance {unknown}
 B - 7 potions of heal wounds
 D - 6 potions of curing
 E - a potion of berserk rage
 J - a potion of mutation {unknown}
 K - 2 potions of lignification {unknown}
 P - 3 potions of resistance
 V - 2 potions of cancellation {unknown}


   Skills:
 + Level 12.3 Fighting
 + Level 12.0(13.3) Axes
 + Level 9.4(12.0) Maces & Flails
 - Level 9.4 Crossbows
 - Level 0.4 Throwing
 * Level 13.6 Armour
 + Level 12.0 Dodging
 - Level 0.4 Stealth
 - Level 9.0 Shields
 * Level 10.5 Invocations


You had 13 spell levels left.
You didn't know any spells.
Your spell library contained the following spells:

 Spells                   Type           Power      Damage    Failure   Level
 Beastly Appendage        Tmut           0%         N/A       54%         1
 Sandblast                Erth           0%         2d4       54%         1
 Sting                    Tmut/Pois      0%         1d3       54%         1
 Corpse Rot               Necr/Air       0%         N/A       69%         2
 Passwall                 Tmut/Erth      0%         N/A       69%         2
 Poisonous Vapours        Pois/Air       0%         N/A       69%         2
 Sublimation of Blood     Necr           0%         N/A       69%         2
 Wereblood                Tmut           0%         N/A       69%         2
 Confusing Touch          Hex            0%         N/A       89%         3
 Ignite Poison            Fire/Tmut/Pois 0%         N/A       89%         3
 Spider Form              Tmut/Pois      0%         N/A       89%         3
 Stone Arrow              Conj/Erth      0%         3d7       89%         3
 Tukima's Dance           Hex            0%         N/A       89%         3
 Animate Armour           Summ/Erth      0%         N/A       100%        4
 Fulminant Prism          Conj/Hex       0%         3d6       100%        4
 Petrify                  Tmut/Erth      0%         N/A       100%        4
 Summon Ice Beast         Ice/Summ       0%         N/A       100%        4
 Blade Hands              Tmut           0%         N/A       100%        5
 Irradiate                Conj/Tmut      0%         3d13      100%        5
 Summon Forest            Summ/Tloc      0%         N/A       100%        5
 Summon Mana Viper        Hex/Summ       0%         N/A       100%        5
 Yara's Violent Unravell  Hex/Tmut       0%         3d3       100%        5
 Eringya's Noxious Bog    Tmut/Pois      0%         N/A       100%        6
 Iron Shot                Conj/Erth      0%         9d1       100%        6
 Enfeeble                 Hex            0%         N/A       100%        7
 Monstrous Menagerie      Summ           0%         N/A       100%        7
 Summon Hydra             Summ           0%         N/A       100%        7


Dungeon Overview and Level Annotations

Branches:
Dungeon (15/15)            Temple (1/1) D:4            Lair (6/6) D:9
  Swamp (0/4) Lair:3       Spider (0/4) Lair:3        Slime (1/5) Lair:6
    Orc (0/2) D:12
 Vaults: D:13-14     Depths: D:15

Altars:
Ashenzari
Cheibriados
Dithmenos
Elyvilon
Fedhas
Gozag
Hepliaklqana
Kikubaaqudgha
Makhleb
Nemelex Xobeh
Okawaru
Qazlal
Ru
Sif Muna
Trog
Uskayaw
Vehumet
Wu Jian
Xom
Yredelemnul
Zin
The Shining One
Beogh

Shops:
D:5 =   D:11 **[[

Portals:
Hell: Lair:6

Annotations:
D:14 Jorgrun
Lair:4 1 runed translucent door, geeeeen's ghost, journeyman SpEn


Innate Abilities, Weirdness & Mutations

You have a pair of horns on your head.
You reflexively headbutt those who attack you in melee.


Message History

Jorgrun mutters some incantations to himself.
Jorgrun says, "'tis place shall be yer tomb!"
You open the door.
A skeletal warrior comes into view. It is wielding a +0 scimitar.
There is an open door here.
A skeletal warrior comes into view. It is wielding a +0 halberd.
A skeletal warrior comes into view. It is wielding a +0 scimitar.
The skeletal warrior moves out of view.
Jorgrun points next to you and mumbles some strange words.
Some rock shatters into small pieces.
The skeletal warrior closely misses you.
You furiously retaliate!
You headbutt the skeletal warrior, but do no damage.
A skeletal warrior comes into view. It is wielding a +0 mace.
The skeletal warrior hits you with a +0 scimitar!
* * * LOW HITPOINT WARNING * * *
The skeletal warrior moves out of view.
A skeletal warrior comes into view. It is wielding a +0 dire flail.
Jorgrun says, "A few more walls knocked out 'ere an' thar an' 'tis whole place will come crashin' down."
Jorgrun points next to you and mumbles some strange words.
Some rock shatters into small pieces.
The skeletal warrior hits you with a +0 scimitar.
* * * LOW HITPOINT WARNING * * *
Jorgrun barely misses you.
The skeletal warrior hits you but does no damage.
Jorgrun gestures next to you while chanting.
Some rock shatters into small pieces.
Jorgrun points at you and mumbles some strange words.
Roots burst forth from the earth!
The grasping roots grab you! The grasping roots constrict you!
* * * LOW HITPOINT WARNING * * *
The roots' grasp on you weakens, but your attempt to escape fails.
The skeletal warrior hits you with a +0 scimitar!
* * * LOW HITPOINT WARNING * * *
Jorgrun points next to you and mumbles some strange words.
The wall shatters!
The blast of rock fragments hits you but does no damage.
The grasping roots constrict you!
You die...

......#...<###...#.# ###
...:..#......../... #..
......#........#.#$ #.
#.. ...........>.......
... #..
.....#........##.#.##.#
#.. .....#........##.#
... ##'
.........#.....#.##.###
#.
####..#..........#....#
#.
#......####.#.##@..##'##
##
#.#...........##z......#
#.#..#.####.#'.g.......'.
#.#....##..............#.
#.#..####.......z......#
#.#g.. #.......z.z.####
#.#..## ########.z..#
..#..##.# #'##.#
#.......# ... ...


You could see Jorgrun and 5 skeletal warriors.

Vanquished Creatures
  An acid blob (Lair:6)
  Azrael (D:13)
  The ghost of alena the Protected, a journeyman MiFi of Makhleb (D:12)
  3 boulder beetles
  7 hydras
  3 two-headed ogres
  2 centaur warriors (D:13)
  A dancing weapon (D:14)
  10 death yaks
  Erica (D:8)
  A tengu warrior (D:13)
  A sixfirhy (Lair:6)
  2 bog bodies (Lair:3)
  A wizard (Lair:6)
  An orc knight (D:13)
  2 deep elf pyromancers (D:13)
  4 deep elf zephyrmancers (D:13)
  2 ugly things
  2 manticores
  2 cyclopes
  10 elephants
  5 black mambas
  A torpor snail (Lair:4)
  12 cane toads
  3 orange demons (Lair:6)
  2 gargoyles (D:12)
  16 komodo dragons
  An unseen horror (D:13)
  3 kobold demonologists
  An ice devil (Lair:6)
  A hellwing (Lair:6)
  4 rime drakes
  A red devil (Lair:6)
  2 polar bears
  3 trolls (D:11)
  3 meliai (D:12)
  3 slime creatures
  A hornet (D:9)
  6 blink frogs (Lair:6)
  2 dream sheep (Lair:5)
  Sigmund (D:2)
  A jumping spider (Lair:3)
  A shadow (D:12)
  3 wraiths
  39 yaks
  5 wyverns
  3 fire elementals (D:13)
  4 basilisks
  4 vampire mosquitoes (D:11)
  3 steam dragons
  A redback (Lair:3)
  Menkaure (D:5)
  3 swamp worms (Lair:3)
  4 wargs
  An acid dragon (D:11)
  6 hell hounds
  13 water moccasins
  2 ice beasts (D:5)
  13 orc warriors
  2 sky beasts (D:7)
  2 black bears (Lair:4)
  3 ogres
  A necrophage (D:5)
  7 centaurs
  A phantom (D:6)
  4 kobold brigands
  A gnoll sergeant (D:12)
  10 bullfrogs
  2 scorpions
  A wyvern zombie (D:8)
  A water moccasin skeleton (D:5)
  21 wights
  3 killer bees (D:7)
  2 electric eels
  2 howler monkeys (D:8)
  A bullfrog zombie (D:5)
  5 centaur zombies
  5 hounds
  4 orc priests
  A bullfrog skeleton (D:5)
  6 jellies
  4 iguanas
  Jessica (D:2)
  2 gnoll shamans
  16 orc wizards
  A howler monkey zombie (D:8)
  13 gnolls
  A howler monkey skeleton (D:7)
  6 adders
  2 white imps (D:7)
  An adder skeleton (D:4)
  2 dart slugs
  2 worms
  59 orcs
  6 bats
  6 endoplasms
  2 giant cockroaches (D:1)
  10 goblins
  27 hobgoblins
  13 jackals
  15 kobolds
  4 quokkas
  4 ball pythons
  4 frilled lizards
  5 rats
527 creatures vanquished.

Vanquished Creatures (others)
  A deep elf pyromancer (D:13)
  An ugly thing (D:14)
  4 yaks (D:9)
  A fire elemental (D:13)
  2 hell hounds (D:13)
  2 orcs (D:9)
  36 fungi
  34 plants
81 creatures vanquished.

Grand Total: 608 creatures vanquished

Notes
Turn   | Place    | Note
-------+----------+-------------------------------------------
     0 | D:1      | AmazingTV the Minotaur Fighter began the quest for the Orb.
     0 | D:1      | Reached XP level 1. HP: 19/19 MP: 0/0
   245 | D:1      | Found a faded altar of an unknown god.
   273 | D:1      | Reached XP level 2. HP: 26/27 MP: 1/1
   689 | D:1      | Reached XP level 3. HP: 31/33 MP: 2/2
   941 | D:2      | You fall into a shaft and drop 1 floor!
  1856 | D:3      | Reached XP level 4. HP: 39/41 MP: 3/3
  2130 | D:2      | Reached skill level 4 in Armour
  2139 | D:2      | Noticed Jessica
  2146 | D:2      | Killed Jessica
  2147 | D:2      | Reached skill level 1 in Maces & Flails
  2147 | D:2      | Reached skill level 1 in Invocations
  2147 | D:2      | Noticed Sigmund
  2171 | D:2      | Killed Sigmund
  2172 | D:2      | Reached skill level 5 in Fighting
  2172 | D:2      | Reached XP level 5. HP: 8/48 MP: 3/5
  2172 | D:2      | Reached XP level 6. HP: 9/56 MP: 3/6
  3058 | D:4      | Reached skill level 1 in Dodging
  3319 | D:4      | Found a staircase to the Ecumenical Temple.
  3331 | Temple   | Entered the Ecumenical Temple
  3557 | Temple   | Became a worshipper of Elyvilon the Healer
  3632 | D:4      | Found an iron altar of Okawaru.
  4139 | D:4      | Reached skill level 5 in Armour
  4356 | D:4      | Found a hide-covered altar of Uskayaw.
  4390 | D:5      | Entered Level 5 of the Dungeon
  4402 | D:5      | Reached XP level 7. HP: 52/61 MP: 7/7
  4501 | D:5      | Reached skill level 5 in Maces & Flails
  4651 | D:5      | Reached skill level 6 in Armour
  4651 | D:5      | Reached skill level 5 in Shields
  4715 | D:5      | Found Mifreth's Jewellery Shop.
  4731 | D:5      | Reached XP level 8. HP: 69/69 MP: 9/9
  4918 | D:5      | Found a glowing silver altar of Zin.
  5256 | D:5      | Reached skill level 7 in Armour
  5421 | D:5      | Noticed Menkaure
  5430 | D:5      | Killed Menkaure
  5456 | D:5      | Reached * piety under Elyvilon
  5896 | D:6      | Reached skill level 1 in Crossbows
  5917 | D:6      | Reached XP level 9. HP: 61/75 MP: 11/11
  6302 | D:6      | Identified the ring of Greed {AC+4 Dex+3}
  6628 | D:6      | Reached skill level 8 in Armour
  6908 | D:6      | Reached ** piety under Elyvilon
  8349 | D:7      | Reached *** piety under Elyvilon
  8504 | D:8      | Noticed Erica
  8520 | D:8      | Killed Erica
  8521 | D:8      | Reached skill level 9 in Armour
  8521 | D:8      | Reached XP level 10. HP: 33/84 MP: 9/12
  8628 | D:8      | Reached skill level 5 in Invocations
  8708 | D:8      | Noticed a cyclops
  8977 | D:9      | Found a staircase to the Lair.
  9040 | D:9      | Reached skill level 5 in Axes
  9961 | D:8      | Noticed a two-headed ogre
  9997 | D:8      | Killed a two-headed ogre
 10215 | D:8      | Found a hazy altar of Hepliaklqana.
 10257 | D:8      | Reached skill level 5 in Dodging
 10370 | D:8      | Reached **** piety under Elyvilon
 10852 | D:8      | !cyclops
 10903 | D:10     | Entered Level 10 of the Dungeon
 10939 | D:9      | Reached XP level 11. HP: 92/92 MP: 14/14
 11063 | D:10     | Noticed a two-headed ogre
 11823 | D:11     | Found Sydut's Armour Shop.
 11934 | D:11     | Reached skill level 5 in Crossbows
 11966 | D:11     | Reached skill level 10 in Armour
 12028 | D:11     | Found Bugokhlia's General Store.
 12031 | D:11     | Bought a scroll of teleportation for 45 gold pieces
 12031 | D:11     | Bought a scroll of identify for 30 gold pieces
 12031 | D:11     | Bought a scroll of identify for 30 gold pieces
 12091 | D:11     | Found Ylobrase's General Store.
 12097 | D:11     | Bought a scroll of fog for 30 gold pieces
 12132 | D:11     | Reached ***** piety under Elyvilon
 12269 | D:11     | Noticed a brown ugly thing
 12327 | D:11     | Found a sparkling altar of Nemelex Xobeh.
 12391 | D:11     | Killed a brown ugly thing
 12551 | D:11     | Noticed a six-headed hydra
 12608 | D:11     | Found Gunath's Armour Shoppe.
 12873 | Lair:1   | Entered Level 1 of the Lair of Beasts
 12885 | Lair:1   | Noticed a death yak
 12916 | Lair:1   | Killed a death yak
 12924 | Lair:1   | Noticed a death yak
 12924 | Lair:1   | Noticed a death yak
 12928 | Lair:1   | Noticed a death yak
 12949 | Lair:1   | Noticed a death yak
 12955 | Lair:1   | Killed a death yak
 12994 | D:9      | Killed a death yak
 13078 | D:9      | Killed a death yak
 13085 | D:9      | Killed a death yak
 13091 | D:9      | Reached XP level 12. HP: 42/103 MP: 16/16
 13282 | Lair:1   | Reached skill level 10 in Axes
 14248 | Lair:2   | Reached skill level 11 in Armour
 14720 | Lair:2   | Noticed a boulder beetle
 14739 | Lair:2   | Killed a boulder beetle
 15451 | Lair:3   | Reached ****** piety under Elyvilon
 15609 | Lair:3   | Found a hole to the Spider Nest.
 15825 | Lair:3   | Found a staircase to the Swamp.
 16093 | Lair:4   | Found a runed translucent door.
 16095 | Lair:4   | Noticed geeeeen's ghost (journeyman SpEn)
 16970 | Lair:5   | Noticed a six-headed hydra
 17021 | Lair:4   | Reached skill level 10 in Fighting
 17099 | Lair:4   | Reached XP level 13. HP: 64/113 MP: 16/18
 17861 | Lair:5   | Found the amulet of the Air {Inacc Air Fly rElec RMsl}
 18063 | Lair:6   | Entered Level 6 of the Lair of Beasts
 18075 | Lair:6   | Reached skill level 12 in Armour
 18163 | Lair:6   | Found a staircase to the Slime Pits.
 18594 | Lair:6   | Reached skill level 10 in Dodging
 18850 | Lair:6   | Found a burning altar of Makhleb.
 18998 | Lair:6   | Found a gateway to Hell.
 19014 | Lair:6   | Got the Papyrus of Cankerous Execration
 19353 | Lair:6   | Reached XP level 14. HP: 124/124 MP: 19/19
 19894 | Slime:1  | Entered Level 1 of the Pits of Slime
 19894 | Slime:1  | Noticed an acid blob
 19921 | Lair:6   | HP: 1/124 [acid blob (32)]
 19921 | Lair:6   | Elyvilon protects you from harm!
 19922 | Lair:6   | Elyvilon protects you from harm!
 20169 | Lair:6   | Killed an acid blob
 20784 | D:12     | Found a staircase to the Orcish Mines.
 20939 | D:12     | Reached skill level 13 in Armour
 21459 | D:12     | Found a runed translucent door.
 21459 | D:12     | Noticed alena's ghost (journeyman MiFi)
 21663 | D:12     | Killed alena's ghost
 21798 | D:13     | Noticed Azrael
 21840 | D:13     | Killed Azrael
 21841 | D:13     | Reached skill level 10 in Invocations
 23094 | D:14     | Noticed Jorgrun
 23141 | D:15     | Entered Level 15 of the Dungeon
 23159 | D:14     | Elyvilon protects you from harm!
 23172 | D:14     | Constricted to death by Jorgrun

Illustrated notes

##.#####.##.#.#
#.#.#.#####.#####
##.#####.##.#.#
#................
.........##.#.#
##..#.#####.#####
##.......##.#.#
#..#.#####.#####
#.####.###.#.#
#..#...........รท
#.####.# #.#.#
#..#..####.#####
#...##.# #.#.####..#..#
#....(.
###.##.###............##
#######
#.##.........@.......#
#..........########.##
############ ###


Turn 10852 on D:8: !cyclops

Levels and vault maps discovered:
D:1:      minmay_arrival_loop, layout_loops_ring,
          shapermc_ecumenical_altar_mp_vishouse, hangedman_decor_growths
D:2:      cheibrodos_greedy_goblins, layout_basic, grunt_ministairs_4,
          uniq_jessica, uniq_sigmund
D:3:      layout_loops_corners, nicolae_elevator_lobby_plus
D:4:      layout_rooms, mainiacjoe_overflow_large_starburst,
          minmay_temple_entry_poolview, kennysheep_big_empty_room,
          abandoned_shop, grunt_ministairs_14, kennysheep_generic_room_5
D:5:      layout_cave_pools, serial_shops, shop, minmay_ruined_shrine,
          uniq_menkaure
D:6:      kennysheep_housing_project, layout_basic
D:7:      layout_basic
D:8:      layout_loops_ring, mainiacjoe_overflow_tiny_flanked, uniq_erica
D:9:      layout_loops_ring, erik_lair_orcish_takeover,
          chequers_serial_rivers_micro_a, kennysheep_nub, corexii_corridor_pit,
          lemuel_flamethrower_2
D:10:     layout_cave_pools
D:11:     layout_roguey, serial_shops, nicolae_shop_behind_doors,
          nicolae_lakefront_shop, shop, nicolae_stop_n_shop_2, st_stairs_4,
          nemelex_lonely_heart_becter
D:12:     layout_loops_cross, david_orc_3, gammafunk_ghost_grave,
          statue_in_the_mist_lemuel, drop_trap
D:13:     layout_roguey [special_room_orc], elves_outpost_lemuel, uniq_azrael
D:14:     layout_basic, erik_vaults_1, serial_park_tiny_pond,
          gammafunk_ghost_hydra_chop, serial_shops, nicolae_square_shop,
          pdpol_wu_jian_five_deadly_venoms, uniq_jorgrun
D:15:     grunt_enter_depths_giant_problem, layout_irregular_city, serial_shops,
          shop_coins, nicolae_shop_hallway_stairs,
          nicolae_shop_competitors_out_of_business, minivault_23, minivault_16,
          nicolae_shop_overcharged_wands, uniq_nessos
Temple:   mainiacjoe_temple_bowtie_tessellation
Lair:1:   layout_hall_layers
Lair:2:   layout_big_grid, nzn_sisyphean_effort, serial_bayou_shore_a,
          infiniplex_staircase_pool, grunt_megastairs_5
Lair:3:   layout_chaotic_city, nicolae_swamp_entry_splash_gauntlet,
          spider_nest_entry_funnel_web
Lair:4:   layout_layer_cave, ebering_ghost_reflecting_pool
Lair:5:   layout_gridlike, beast_lair_carwin_11
Lair:6:   evil_forest, layout_regular_city, nicolae_slime_entry_slimehenge
Slime:1:  layout_caves, basic_altar

Skill      XL: |  1  2  3  4  5  6  7  8  9 10 11 12 13 14 |
---------------+-------------------------------------------+-----
Fighting       | 4 5 6 7 8 10 11 12 | 12.3
Axes           | 3 4 6 9 10 12 | 12.0
Shields        | 4 5 6 7 8 9 |  9.0
Armour         | 4 5 6 7 9 10 11 12 13 | 13.6
Maces & Flails | 3 4 5 7 8 9 |  9.4
Invocations    | 1 2 3 4 5 6 8 9 10 | 10.5
Dodging        | 1 2 3 5 6 8 10 12 | 12.0
Crossbows      | 1 3 4 6 7 9 |  9.4
Throwing       | |  0.4
Stealth        | |  0.4

Action                   |  1- 3 |  4- 6 |  7- 9 | 10-12 | 13-15 || total
-------------------------+-------+-------+-------+-------+-------++-------
Melee: War axe           |    74 |       |       |    48 |    97 ||   219
       Headbutt          |    15 |    16 |    62 |   268 |   289 ||   650
       Flail             |    26 |   136 |   260 |   270 |    81 ||   773
       Hand axe          |       |       |    55 |   564 |   762 ||  1381
       Punch             |       |       |       |     1 |     3 ||     4
 Fire: Arbalest          |       |       |       |    16 |    37 ||    53
Throw: Dart              |       |       |     2 |    16 |       ||    18
Invok: Purification      |       |       |     1 |       |       ||     1
       Heal Self         |       |       |       |     3 |    34 ||    37
       Divine Vigour     |       |       |       |       |     1 ||     1
       Heal Other        |       |       |       |       |     1 ||     1
  Use: Scroll            |       |     1 |     1 |     8 |    11 ||    21
       Potion            |       |       |     2 |     3 |     1 ||     6
 Stab: Sleeping          |       |       |       |     1 |     1 ||     2
Armor: Scale mail        |    49 |    53 |   135 |       |       ||   237
       Steam dragon scal |       |       |    13 |   253 |   284 ||   550
Dodge: Dodged            |    46 |    60 |   171 |   465 |   620 ||  1362
Block: Buckler           |    20 |    27 |   104 |   233 |   260 ||   644
